 Dungeon Crawl Stone Soup version 0.26-a0-244-g083ca260ac (webtiles) character file.

Game seed: 2936701676141934626

1592 MrRokkomies the Cleaver (level 9, -2/66 HPs)
             Began as a Human Gladiator on July 8, 2020.
             Was an Elder of Ru.
             Slain by a wight
             ... wielding a +5 spear
              (5 damage)
             ... on level 8 of the Dungeon.
             The game lasted 00:18:43 (9481 turns).

MrRokkomies the Cleaver (Human Gladiator)           Turns: 9481, Time: 00:18:44

Health: -2/66      AC:  6    Str: 15    XL:     9   Next: 15%
Magic:  9/9        EV: 13    Int: 11    God:    Ru [****..]
Gold:   24         SH:  0    Dex: 15    Spells: 8/8 levels left

rFire    . . .     SeeInvis .   G - +0 battleaxe
rCold    . . .     Faith    .   (shield currently unavailable)
rNeg     . . .     Spirit   .   g - +0 ring mail
rPois    .         Reflect  .   c - +0 helmet
rElec    .         Harm     .   (no cloak)
rCorr    +                      (no gloves)
MR       .....                  (no boots)
Stlth    +.........             (no amulet)
HPRegen  0.21/turn              h - ring of resist corrosion
MPRegen  0.11/turn              (no ring)

@: mighty, stab, heavily drained
A: frail 1, inexperienced 1
a: Draw Out Power, Power Leap, Renounce Religion


You were on level 8 of the Dungeon.
You worshipped Ru.
Ru was greatly pleased with you.
You were not hungry.

You visited 1 branch of the dungeon, and saw 8 of its levels.

You collected 375 gold pieces.
You spent 351 gold pieces at shops.

Inventory:

Hand Weapons
 a - a +1 executioner's axe of flaming
 b - a +1 hand crossbow of freezing
 y - a +0 hunting sling of freezing
 D - a +2 hand axe of venom
 G - a +0 battleaxe (weapon)
Missiles
 d - 2 throwing nets
 j - 41 bolts
 l - 162 stones
 o - 51 sling bullets
 t - 10 poisoned darts (quivered)
 C - 11 curare-tipped darts
Armour
 c - a +0 helmet (worn)
 g - a +0 ring mail (worn)
 k - a +0 leather armour
Jewellery
 h - a ring of resist corrosion (left hand)
 p - an uncursed ring of protection from magic
 E - an uncursed ring of protection from cold
Wands
 n - a wand of random effects (18)
 q - a wand of digging (2)
 w - a wand of flame (5)
Scrolls
 e - 4 scrolls of amnesia
 i - 4 scrolls of magic mapping
 r - a scroll of remove curse
 s - a scroll of immolation
 u - 3 scrolls of identify
 v - 3 scrolls of enchant weapon
Potions
 z - a potion of degeneration {unknown}
 B - a potion of flight {unknown}
 F - a potion of cancellation {unknown}
Comestibles
 f - 7 rations


   Skills:
 - Level 7.9(6.2) Fighting
 * Level 9.2(7.5) Axes
 - Level 2.0(0.6) Throwing
 + Level 6.8(5.2) Dodging


You had 8 spell levels left.
You didn't know any spells.
Your spell library contained the following spells:

 Spells                   Type           Power        Failure   Level
 Corona                   Hex            #......      56%         1
 Shock                    Conj/Air       #...         56%         1
 Ensorcelled Hibernation  Hex/Ice        #.....       71%         2
 Swiftness                Chrm/Air       #.......     71%         2
 Confusing Touch          Hex            #.......     91%         3
 Dazzling Flash           Conj/Hex       #.....       91%         3
 Gell's Gravitas          Tloc           #.........   91%         3
 Static Discharge         Conj/Air       #.......     91%         3
 Tukima's Dance           Hex            #.......     91%         3
 Airstrike                Air            #.........   100%        4
 Petrify                  Tmut/Erth      #.......     100%        4
 Lightning Bolt           Conj/Air       #.........   100%        5
 Metabolic Englaciation   Hex/Ice        #.........   100%        5
 Yara's Violent Unravell  Hex/Tmut       #.........   100%        5


Dungeon Overview and Level Annotations

Branches:
Dungeon (8/15)             Temple (0/1) D:4            Lair (0/6) D:8

Altars:
Dithmenos
Elyvilon
Gozag
Makhleb
Okawaru
Ru
Uskayaw

Shops:
D:7 (

Annotations:
D:7 2 transporters, MarredHen's ghost, amateur SpMo


Innate Abilities, Weirdness & Mutations

You are frail. (-10% HP)
You are somewhat inexperienced. (-2 XL)


Message History

* * * LOW HITPOINT WARNING * * *
The wight freezes you.
* * * LOW HITPOINT WARNING * * *
The wight hits you but does no damage.
Things that are here:
a +0 club; a +0 giant club; an ogre corpse It was a potion of stabbing.
You feel ready to backstab. The wight barely misses you.
The wight is stunned by your will and fails to attack.
It was a potion of might.
You feel very mighty all of a sudden.
The wight hits you from afar with a +5 spear.
* * * LOW HITPOINT WARNING * * *
The wight closely misses you.
You slice the wight!!
You destroy the wight!
The wight barely misses you. The wight hits you with a +5 spear.
You die...

#%# #.# #.#
#.# #.# #.#
#.#
#####.##.#...
#(..)@zz..(..
#.######.#..(
#.# (.
#.###### #.#
#......# o
#..###.# #..#
#..# ##..# ..


You could see 2 wights.

Vanquished Creatures
  A hippogriff (D:8)
  Sigmund (D:4)
  Menkaure (D:7)
  A sky beast (D:8)
  4 orc warriors
  An ice beast (D:7)
  A black bear (D:6)
  2 ogres
  A centaur (D:5)
  Blork the orc (D:4)
  2 bullfrogs
  2 scorpions
  A water moccasin skeleton (D:8)
  4 wights (D:8)
  3 killer bees (D:8)
  A howler monkey (D:7)
  2 jellies (D:5)
  3 orc priests
  7 orc wizards
  2 bullfrog skeletons
  2 centaur skeletons (D:5)
  5 worker ants
  A worker ant zombie (D:5)
  10 adders
  3 shadow imps
  3 white imps (D:5)
  An ooze (D:2)
  An adder skeleton (D:4)
  3 worms
  4 leopard geckos
  24 orcs
  2 ball pythons
  3 bats
  4 giant cockroaches
  10 goblins
  8 hobgoblins
  7 kobolds
  4 quokkas
  A ball python skeleton (D:4)
  A frilled lizard (D:2)
  A quokka skeleton (D:8)
  A quokka zombie (D:5)
  6 rats
146 creatures vanquished.

Vanquished Creatures (others)
  An orc (D:8)
1 creature vanquished.

Grand Total: 147 creatures vanquished

Notes
Turn   | Place    | Note
-------+----------+-------------------------------------------
     0 | D:1      | MrRokkomies the Human Gladiator began the quest for the
                  | Orb.
     0 | D:1      | Reached XP level 1. HP: 16/16 MP: 1/1
   169 | D:1      | Reached XP level 2. HP: 10/22 MP: 2/2
  1043 | D:2      | Reached XP level 3. HP: 24/28 MP: 3/3
  1246 | D:2      | Reached XP level 4. HP: 32/35 MP: 4/4
  1418 | D:2      | Found a shadowy altar of Dithmenos.
  1533 | D:2      | Found a sacrificial altar of Ru.
  1793 | D:2      | Became a worshipper of Ru the Awakened
  1980 | D:3      | Reached skill level 4 in Axes
  2132 | D:3      | Reached XP level 5. HP: 41/41 MP: 5/5
  3194 | D:4      | Noticed Blork the orc
  3235 | D:4      | Killed Blork the orc
  3235 | D:4      | Reached XP level 6. HP: 12/48 MP: 6/6
  3509 | D:4      | Found an opulent altar of Gozag.
  3554 | D:4      | Noticed Sigmund
  3572 | D:5      | Entered Level 5 of the Dungeon
  3742 | D:5      | Reached skill level 5 in Axes
  3808 | D:5      | Reached XP level 7. HP: 14/55 MP: 7/7
  4279 | D:5      | Gained mutation: You are frail. (-10% HP) [Ru sacrifice]
  4279 | D:5      | Reached * piety under Ru
  4279 | D:5      | Reached ** piety under Ru
  4655 | D:5      | Reached skill level 5 in Fighting
  4718 | D:5      | Found a white marble altar of Elyvilon.
  5577 | D:4      | Killed Sigmund
  5577 | D:4      | Reached skill level 6 in Axes
  5577 | D:4      | Reached XP level 8. HP: 57/57 MP: 8/8
  5678 | D:4      | Found an iron altar of Okawaru.
  5711 | D:4      | Noticed a +0 hand axe
  5715 | D:4      | Found a hide-covered altar of Uskayaw.
  5716 | D:4      | Noticed a +0 dagger
  5725 | D:4      | Reached skill level 5 in Dodging
  6113 | D:4      | Found a staircase to the Ecumenical Temple.
  6275 | D:4      | You fall into a shaft and drop 2 floors!
  6522 | D:6      | Reached skill level 7 in Axes
  6693 | D:6      | Reached XP level 9. HP: 54/63 MP: 9/9
  7289 | D:7      | Found a transporter.
  7289 | D:7      | Noticed MarredHen's ghost (amateur SpMo)
  7290 | D:7      | Identified the +6 dire flail "Haly" {venom, Dex+6}
  7291 | D:7      | Found a transporter.
  7595 | D:7      | Found Hazioqeo's Antique Weapon Shoppe.
  7725 | D:7      | Gained mutation: You are somewhat inexperienced. (-2 XL)
                  | [Ru sacrifice]
  7725 | D:7      | Reached XP level 8. HP: 60/60 MP: 8/8
  7725 | D:7      | Reached XP level 7. HP: 54/54 MP: 7/7
  7725 | D:7      | Reached *** piety under Ru
  7725 | D:7      | Reached **** piety under Ru
  7730 | D:7      | Noticed Menkaure
  7743 | D:7      | Killed Menkaure
  7811 | D:7      | Reached skill level 8 in Axes
  8498 | D:8      | Reached XP level 8. HP: 47/60 MP: 8/8
  8601 | D:7      | Bought a runed executioner's axe for 351 gold pieces
  8617 | D:8      | Noticed a hippogriff
  8903 | D:8      | Killed a hippogriff
  9023 | D:8      | Found a burning altar of Makhleb.
  9023 | D:8      | Noticed a blizzard demon
  9153 | D:8      | Found a staircase to the Lair.
  9192 | D:8      | Reached skill level 9 in Axes
  9192 | D:8      | Reached XP level 9. HP: 31/66 MP: 9/9
  9479 | D:8      | HP: 3/66 [wight/+5 spear (3)]
  9481 | D:8      | Slain by a wight

Illustrated notes

Levels and vault maps discovered:
D:1:      minmay_arrival_glassed_features, layout_basic
D:2:      layout_rooms, marbit_many_paths, nicolae_overflow_crystal_walls,
          first_ration, kennysheep_generic_room_13
D:3:      layout_loops_ring, fountainhead
D:4:      layout_basic, tgw_sif, dancing_weapons_uskayaw, kennysheep_little_box,
          okawaru_metal_pillars_1_2, minmay_temple_entry_proselytizer,
          uniq_blork_the_orc, uniq_sigmund
D:5:      layout_basic, elyvilon_altar_3, hangedman_decor_lopped
D:6:      layout_basic
D:7:      layout_loops_ring, serial_shops, nicolae_shop_statue_plus,
          gammafunk_ghost_smash, uniq_menkaure
D:8:      layout_loops_ring, makhleb_altar_promises_db, lemuel_doored_altar,
          lair_entry_dummy, serial_shops, nicolae_shop_stone

Skill      XL: |  1  2  3  4  5  6  7  8  9 |
---------------+----------------------------+-----
Fighting       | 3 4 5 6 7 |  7.9
Axes           | 4 5 8 9 |  9.2
Dodging        | 4 6 5 |  6.8
Throwing       | |  2.0

Action                   |  1- 3 |  4- 6 |  7- 9 || total
-------------------------+-------+-------+-------++-------
Melee: War axe           |    82 |   141 |   111 ||   334
       Hand axe          |       |       |   148 ||   148
       Executioner's axe |       |       |    43 ||    43
       Battleaxe         |       |       |     1 ||     1
 Fire: Hunting sling     |       |    23 |       ||    23
Throw: Dart              |       |     3 |    19 ||    22
       Throwing net      |       |       |     1 ||     1
Invok: Sacrifice Health  |       |       |     1 ||     1
       Sacrifice Experie |       |       |     1 ||     1
Evoke: Wand              |       |       |     6 ||     6
  Use: Scroll            |     3 |       |     5 ||     8
       Potion            |       |     2 |     5 ||     7
 Stab: Distracted        |       |       |     1 ||     1
  Eat: Ration            |     1 |     2 |     5 ||     8
Armor: Ring mail         |    28 |    57 |    72 ||   157
       Skin              |       |       |    14 ||    14
Dodge: Dodged            |    54 |    96 |   219 ||   369

Table legend:
 A = Non-vault XP
 B = Vault XP
 C = Vault XP percentage of total XP
 D = Non-vault monster count
 E = Vault monster count
 F = Vault count percentage of total count
                 A         B        C        D         E       F
            +---------+---------+-------+---------+---------+-------
      Total |    3465 |     567 |  14.1 |     139 |       6 |   4.1
            +---------+---------+-------+---------+---------+-------
        D:1 |      25 |       0 |   0.0 |      14 |       0 |   0.0
        D:2 |     135 |       1 |   0.7 |      23 |       1 |   4.2
        D:3 |      57 |       0 |   0.0 |      20 |       0 |   0.0
        D:4 |     210 |     394 |  65.2 |       9 |       4 |  30.8
        D:5 |     669 |       0 |   0.0 |      26 |       0 |   0.0
        D:6 |     526 |       0 |   0.0 |      12 |       0 |   0.0
        D:7 |     552 |     172 |  23.8 |      14 |       1 |   6.7
        D:8 |    1291 |       0 |   0.0 |      21 |       0 |   0.0
            +---------+---------+-------+---------+---------+-------
